 Dungeon Crawl Stone Soup version 0.30-a0-879-ga8ba668304 (webtiles) character file.

Game seed: 2849558264435951944

2 runemasterragnar the Trooper (level 1, -3/18 HPs)
             Began as a Demonspawn Monk on Mar 12, 2023.
             Slain by a worm (10 damage)
             ... on level 2 of the Dungeon.
             The game lasted 00:00:20 (68 turns).

runemasterragnar the Trooper (Demonspawn Monk)        Turns: 68, Time: 00:00:21

Health: -3/18      AC:  2    Str: 11    XL:     1   Next: 25%
Magic:  1/1        EV: 12    Int: 11    God:
Gold:   0          SH:  0    Dex: 15    Spells: 0/0 levels left

rFire   . . .      SeeInvis .    a - +0 falchion
rCold   . . .      Faith    .    (no shield)
rNeg    . . .      Spirit   .    b - +0 robe
rPois   .          Reflect  .    (no helmet)
rElec   .          Rampage  .    (no cloak)
rCorr   .                        (no gloves)
Will    .....                    (no boots)
Stlth   ++                       (no amulet)
HPRegen 0.23/turn                (no ring)
MPRegen 0.07/turn                (no ring)

@: no status effects
A: no striking features
a: no special abilities


You were on level 2 of the Dungeon.
You visited 1 branch of the dungeon, and saw 2 of its levels.

Inventory:

Hand Weapons
 a - a +0 falchion (weapon)
Missiles
 d - 3 atropa-tipped darts (quivered)
Armour
 b - a +0 robe (worn)
Potions
 c - a potion of ambrosia


   Skills:
 + Level 3.0 Fighting
 + Level 2.7 Long Blades
 - Level 2.6 Dodging
 - Level 1.7 Stealth


You couldn't memorise any spells.
You didn't know any spells.
Your spell library was empty.

Dungeon Overview and Level Annotations

Branches:
Dungeon (2/15)

Altars:


Message History

No target in view!
No target in view!
You open the large door.
There is a large open door here.
An endoplasm comes into view.
An endoplasm is nearby!
There is a large open door here.
An endoplasm is nearby!
You barely miss the endoplasm. The endoplasm hits you.
You hit the endoplasm.
The endoplasm is lightly wounded.
The endoplasm closely misses you.
You hit the endoplasm.
You kill the endoplasm!
No target in view!
HP restored.
You open the door.
There is an open door here.
Found a ring mail.
No target in view!
A frilled lizard comes into view.
The frilled lizard hisses angrily.
A worm comes into view.
There are monsters nearby!
The frilled lizard barely misses you.
There are monsters nearby!
You closely miss the frilled lizard. The frilled lizard bites you.
You hit the frilled lizard.
You kill the frilled lizard!
You barely miss the worm. The worm closely misses you.
You hit the worm but do no damage. You hit the worm but do no damage.
The worm bites you.
You barely miss the worm. The worm bites you.
You hit the worm.
The worm is lightly wounded.
You hit the worm.
The worm is moderately wounded.
The worm bites you!
Ouch! That really hurt!
You die...

#.#...#+#...#..........
#.##...+...##.#########
#..##.....##...#
#...##.8.##....##
#.#..##.##......#
#.##..#'#.......######
#.##...'.............#
#.<..........##.####.#
####.....##.###@#
#.....##.# #w#
##.#..##. ... #.#...
.#.#. #.#.### .......
#.#.# .# #.# #. #. ...
.# # #.# #


You could see a worm.

Vanquished Creatures
  An endoplasm (D:2)
  A frilled lizard (D:2)
2 creatures vanquished.

Notes
Turn   | Place    | Note
-------+----------+-------------------------------------------
     0 | D:1      | runemasterragnar the Demonspawn Monk began the quest for
                  | the Orb.
     0 | D:1      | Reached XP level 1. HP: 18/18 MP: 1/1
    68 | D:2      | Slain by a worm

Illustrated notes

Levels and vault maps discovered:
D:1:      wander_arrival_lonely_grave, layout_rooms, serial_shops,
          nicolae_shop_competitors_out_of_business,
          hellmonk_ecumenical_altar_run_dry, minmay_pentomino_u2
D:2:      layout_loops_ring, grunt_decor_arrowhead

Action                     || total
---------------------------++-------
  Melee: Falchion          ||    11
  Dodge: Dodged            ||     3

Table legend: (Time is in decaauts)
 A = Elapsed time spent in this place.
 B = Non-inter-level travel time spent in this place.
 C = Inter-level travel time spent in this place.
 D = Time resting spent in this place.
 E = Time spent auto-exploring this place.
 F = Levels seen in this place.
 G = Mean time per level.
                   A        B        C        D        E       F      G
               +--------+--------+--------+--------+--------+-----+--------+
         Total |     69 |     69 |      0 |      0 |     38 |   2 |   34.5 |
       Dungeon |     69 |     69 |      0 |      0 |     38 |   2 |   34.5 |
               +--------+--------+--------+--------+--------+-----+--------+

Top non-repeatable levels by time:
     D:2: 58 daAuts
     D:1: 11 daAuts
